 Dungeon Crawl Stone Soup version 0.23.2-1-ga50397a (webtiles) character file.

Game seed: 3738054713126818536

212 aefrtyi the Skirmisher (level 5, -3/47 HPs)
             Began as a Minotaur Abyssal Knight on June 1, 2019.
             Was a Believer of Lugonu.
             Succumbed to an orc wizard's poison
             ... on level 3 of the Dungeon.
             The game lasted 00:18:21 (2256 turns).

aefrtyi the Skirmisher (Minotaur Abyssal Knight)    Turns: 2256, Time: 00:18:21

Health: -3/47      AC: 10    Str: 17    XL:     5   Next: 58%
Magic:  2/5        EV:  8    Int:  9    God:    Lugonu [**....]
Gold:   100        SH:  0    Dex: 13    Spells: 4/4 levels left

rFire    . . .     SeeInvis .   u - +0 flail
rCold    . . .     Gourm    .   (no shield)
rNeg     . . .     Faith    .   s - +0 chain mail
rPois    .         Spirit   +   (helmet restricted)
rElec    .         Reflect  .   (no cloak)
rCorr    .         Harm     .   (no gloves)
MR       .....                  k - +0 pair of boots
Stlth    ..........             n - amulet of guardian spirit
HPRegen  0.15/turn              d - +3 ring of dexterity
MPRegen  0.09/turn              (no ring)

@: lethally poisoned (-3 -> -25), slowed, lightly drained, very slow
A: retaliatory headbutt, horns 2
a: Depart the Abyss, Bend Space, Renounce Religion


You were on level 3 of the Dungeon.
You worshipped Lugonu.
Lugonu was pleased with you.
You were not hungry.

You visited 1 branch of the dungeon, and saw 3 of its levels.
You visited the Abyss 1 time.

You collected 100 gold pieces.

Inventory:

Hand Weapons
 a - a +1 mace
 u - a +0 flail (weapon)
 v - a +2 dagger of holy wrath
Armour
 k - a +0 pair of boots (worn)
 s - a +0 chain mail (worn)
Jewellery
 d - a +3 ring of dexterity (left hand)
 n - an amulet of guardian spirit (around neck)
Wands
 i - a wand of flame (17)
 q - a wand of digging (4)
Scrolls
 f - a scroll of fog {unknown}
 g - 3 scrolls of remove curse {unknown}
 j - a scroll of fear {unknown}
 l - 2 scrolls of identify {unknown}
 m - a scroll of random uselessness {unknown}
 o - a scroll of magic mapping {unknown}
Potions
 b - 2 potions of berserk rage {unknown}
 e - a potion of curing {unknown}
 h - a potion of mutation {unknown}
 r - a potion of magic {unknown}
 t - a potion of lignification {unknown}
Comestibles
 c - 7 rations
 p - 4 chunks of flesh


   Skills:
 + Level 4.7(4.6) Fighting
 + Level 3.8(3.7) Maces & Flails
 + Level 3.5(3.4) Armour
 + Level 2.8 Dodging
 + Level 2.1(2.0) Stealth
 - Level 1.7(1.6) Invocations


You had 4 spell levels left.
You didn't know any spells.
Your spell library was empty.

Dungeon Overview and Level Annotations

Branches:
Dungeon (3/15)

Altars:
Qazlal


Innate Abilities, Weirdness & Mutations

You reflexively headbutt those who attack you in melee.
You have a pair of horns on your head.


Message History

The orc wizard gestures wildly while chanting.
The orc wizard blinks!
The worm bites you but does no damage. The orc hits you but does no damage.
The orc wizard points at you and mumbles some strange words.
The magic dart hits you.
* * * LOW HITPOINT WARNING * * *
* * * LOW HITPOINT WARNING * * *
You feel very sick.
Things that are here:
a +0 club; a +0 leather armour
* * * LOW HITPOINT WARNING * * *
You feel very sick. The orc closely misses you.
* * * LOW HITPOINT WARNING * * *
You feel very sick.
Some of the chunks of flesh in your inventory have rotted away.
Your chain mail prevents you from hitting the orc.
You headbutt the orc, but do no damage.
The orc is heavily wounded.
You die...

##.####...÷. #.. ##.##..
#### #.# #..###. ..
....######.####.## . #.
#.............# # #.
#..........### ## #.
#.......^..# #..###.####
#..........#
#.........###@##########
..........owo.#
..........#####
.§........# ..........#
.........$# ..........#
..######### #


You could see a worm, an orc wizard and an orc.

Vanquished Creatures
  An orc wizard (D:3)
  Jessica (D:3)
  6 adders
  2 oozes
  3 worms
  A dart slug (D:1)
  4 leopard geckos
  6 orcs (D:3)
  10 bats
  4 giant cockroaches
  10 goblins
  7 hobgoblins
  3 jackals (D:3)
  A quokka (D:3)
  A ball python (D:1)
  3 frilled lizards
  7 kobolds
  5 rats
75 creatures vanquished.

Notes
Turn   | Place    | Note
-------+----------+-------------------------------------------
     0 | Abyss:1  | aefrtyi the Minotaur Abyssal Knight began the quest for the
                  | Orb.
     0 | Abyss:1  | Reached XP level 1. HP: 19/19 MP: 1/1
     0 | D:1      | Escaped the Abyss
   243 | D:1      | Reached XP level 2. HP: 26/27 MP: 2/2
   304 | D:1      | Reached * piety under Lugonu
   354 | D:1      | Reached skill level 4 in Fighting
   354 | D:1      | Reached XP level 3. HP: 20/33 MP: 3/3
   641 | D:1      | Reached skill level 1 in Stealth
   788 | D:2      | Found a stormy altar of Qazlal.
   909 | D:2      | Reached XP level 4. HP: 36/40 MP: 4/4
  1236 | D:2      | Reached ** piety under Lugonu
  1757 | D:3      | Noticed Jessica
  1769 | D:3      | Killed Jessica
  1769 | D:3      | Reached XP level 5. HP: 39/47 MP: 3/5
  2255 | D:3      | HP: 1/47 [poisoned by an orc wizard]
  2256 | D:3      | Succumbed to an orc wizard's poison

Skill      XL: |  1  2  3  4  5 |
---------------+----------------+-----
Fighting       | 4 |  4.7
Armour         | 3 |  3.5
Maces & Flails | 3 |  3.8
Stealth        | 1 2 |  2.1
Dodging        | 2 |  2.8
Invocations    | |  1.7

Action                   |  1- 3 |  4- 6 || total
-------------------------+-------+-------++-------
Melee: Mace              |    80 |    91 ||   171
       Headbutt          |     9 |    14 ||    23
       Flail             |       |    43 ||    43
Invok: Depart the Abyss  |     1 |       ||     1
  Eat: Chunk             |       |     5 ||     5
Armor: Leather armour    |     8 |       ||     8
       Scale mail        |    35 |    23 ||    58
       Chain mail        |       |    62 ||    62
Dodge: Dodged            |    58 |    70 ||   128
